 Dungeon Crawl Stone Soup version 0.28-a0-863-g8cecda6153 (webtiles) character file.

Game seed: 5164159765462796785

62 BeingJoeMalik the Poker (level 4, -3/28 HPs)
             Began as a Tengu Fighter on Nov 18, 2021.
             Slain by a wyvern zombie (6 damage)
             ... on level 3 of the Dungeon.
             The game lasted 00:02:50 (1704 turns).

BeingJoeMalik the Poker (Tengu Fighter)             Turns: 1704, Time: 00:02:51

Health: -3/28      AC:  6    Str: 14 (16) XL:     4   Next: 8%
Magic:  5/5        EV:  9    Int:  6 (8)  God:
Gold:   126        SH:  0    Dex: 14 (15) Spells: 3/3 levels left

rFire   . . .      SeeInvis .   a - +0 trident
rCold   . . .      Faith    .   (no shield)
rNeg    . . .      Spirit   .   b - +0 scale mail
rPois   .          Reflect  .   (helmet restricted)
rElec   .          Harm     .   (no cloak)
rCorr   .          Rampage  .   (no gloves)
Will    .....                   (boots unavailable)
Stlth   ..........              (no amulet)
HPRegen 0.09/turn               (no ring)
MPRegen 0.09/turn               (no ring)

@: no status effects
A: beak, talons 3
a: no special abilities


You were on level 3 of the Dungeon.
You visited 1 branch of the dungeon, and saw 3 of its levels.

You collected 126 gold pieces.

Inventory:

Hand Weapons
 a - a +0 trident (weapon)
Armour
 b - a +0 scale mail (worn)
 c - a +0 buckler
Scrolls
 f - 2 scrolls of identify {unknown}
 g - a scroll of summoning {unknown}
 i - a scroll of silence {unknown}
 j - a scroll of brand weapon {unknown}
Potions
 d - a potion of might
 k - a potion of invisibility {unknown}


   Skills:
 - Level 3.0 Fighting
 + Level 4.7 Polearms
 - Level 3.2 Armour
 - Level 3.0 Shields


You had 3 spell levels left.
You didn't know any spells.
Your spell library was empty.

Dungeon Overview and Level Annotations

Branches:
Dungeon (3/15)

Altars:

Shops:
D:1 (


Innate Abilities, Weirdness & Mutations

You have a beak for a mouth.
You have claws for feet.


Message History

You hit the orc. Your kick misses the orc. You peck the orc.
You kill the orc!
Items here: )))) [ †.
You open the door.
Found a robe.
Items here: )))) [ †.
Okay, then.
Unknown command.
k - a pink potion
Found 12 stones.
You see here 12 stones.
As you open the door, it creaks loudly!
There is an open door here.
As you open the door, it creaks loudly!
A wyvern zombie comes into view.
Found a bubbling black potion.
There is an open door here.
Found 18 stones.
You reach to attack!
You puncture the wyvern zombie!
The wyvern zombie is moderately damaged.
The wyvern zombie bites you!
You puncture the wyvern zombie! You claw the wyvern zombie.
The wyvern zombie is heavily damaged.
The wyvern zombie bites you!
* * * LOW HITPOINT WARNING * * *
Unknown command.
There is an open door here.
The wyvern zombie bites you.
* * * LOW HITPOINT WARNING * * *
Okay, then.
Unknown command.
Unknown command.
You aren't carrying any items that you can evoke.
It was a potion of magic.
Magic courses through your body. The wyvern zombie barely misses you.
It was a potion of degeneration.
There was something very wrong with that liquid.
You feel weakened.
You feel dopey.
You feel clumsy. The wyvern zombie bites you.
You die...

##.## #.### #.# #.# # #.#
#.### ##+## #.##. #
##...## #.##. #. ##.....##
#.##. ##.. ##.......##
#..#.
##....###.........####....
....!...Z@........'.......
......###.........####...#
#...( ##.......## ##.##
#.#. ##.....## #### # #
##...## # ##+## # #


You could see a wyvern zombie.

Vanquished Creatures
  An adder (D:2)
  4 worms
  A dart slug (D:2)
  4 orcs (D:3)
  5 ball pythons
  5 bats
  4 endoplasms
  3 hobgoblins
  2 goblins (D:2)
  4 kobolds
  2 rats
35 creatures vanquished.

Notes
Turn   | Place    | Note
-------+----------+-------------------------------------------
     0 | D:1      | BeingJoeMalik the Tengu Fighter began the quest for the
                  | Orb.
     0 | D:1      | Reached XP level 1. HP: 14/14 MP: 2/2
    61 | D:1      | Found Fyplaz's Weapon Shop.
   119 | D:1      | Reached skill level 3 in Polearms
   119 | D:1      | Reached XP level 2. HP: 19/19 MP: 3/3
   152 | D:1      | Found a faded altar of an unknown god.
   675 | D:2      | Reached XP level 3. HP: 23/23 MP: 4/4
   715 | D:2      | Reached skill level 4 in Polearms
  1547 | D:3      | Reached XP level 4. HP: 27/28 MP: 5/5
  1704 | D:3      | Slain by a wyvern zombie

Illustrated notes

Levels and vault maps discovered:
D:1:      nzn_arrival_depleted_hourglass, layout_rooms,
          hellmonk_ecumenical_altar_leap_of_faith, serial_shops,
          nicolae_shop_bloodbath_and_beyond
D:2:      layout_loops_cross
D:3:      layout_loops_corners, serial_shops, nicolae_lakefront_shop,
          serial_bayou_pond_a

Skill      XL: |  1  2  3 |
---------------+----------+-----
Polearms       | 3 4 |  4.7
Fighting       | |  3.0
Armour         | |  3.2
Shields        | |  3.0

Action                   |  1- 3 |  4- 6 || total
-------------------------+-------+-------++-------
Melee: Trident           |    90 |     6 ||    96
       Kick              |    21 |     2 ||    23
       Peck              |     7 |     2 ||     9
  Use: Potion            |       |     2 ||     2
Armor: Scale mail        |    33 |     1 ||    34
Dodge: Dodged            |    41 |     2 ||    43

Table legend: (Time is in decaauts)
 A = Elapsed time spent in this place.
 B = Non-inter-level travel time spent in this place.
 C = Inter-level travel time spent in this place.
 D = Time resting spent in this place.
 E = Time spent auto-exploring this place.
 F = Levels seen in this place.
 G = Mean time per level.
                   A        B        C        D        E       F      G
               +--------+--------+--------+--------+--------+-----+--------+
         Total |   1716 |   1664 |     52 |      0 |   1425 |   3 |  572.0 |
       Dungeon |   1716 |   1664 |     52 |      0 |   1425 |   3 |  572.0 |
               +--------+--------+--------+--------+--------+-----+--------+

Top non-repeatable levels by time:
     D:2: 769 daAuts
     D:1: 635 daAuts
     D:3: 311 daAuts
